 Dungeon Crawl Stone Soup version 0.16.1-4-g8e1b745 (webtiles) character file.

402 inmateoo the Digger (level 6, -10/32 HPs)
             Began as a Deep Elf Earth Elementalist on Mar 26, 2015.
             Was a Follower of Ashenzari.
             Mangled by an orc warrior
             ... wielding a +0 war axe
              (18 damage)
             ... on level 3 of the Dungeon.
             The game lasted 00:05:44 (2768 turns).

inmateoo the Digger (Deep Elf Earth Elementalist)   Turns: 2768, Time: 00:05:45

Health: -10/32     AC:  7    Str:  5    XL:     6   Next: 55%
Magic:  16/20      EV: 14    Int: 22    God:    Ashenzari [*.....]
Gold:   123        SH:  0    Dex: 15    Spells: 3 memorised, 8 levels left

rFire  . . .     SeeInvis .     b - 83 stones
rCold  . . .     Clarity  .     c - +0 robe
rNeg   . . .     SustAb   .     (no shield)
rPois  .         Gourm    .     r - +0 helmet
rElec  .         Spirit   .     q - +0 cloak
rCorr  .         Warding  .     (no gloves)
rMut   .         Stasis   .     (no boots)
MR     .....                    (no amulet)
Stlth  +++.......               (no ring)
                                (no ring)

@: stone skin, not resistant to hostile enchantments, fairly stealthy
A: no striking features
a: Renounce Religion


You were on level 3 of the Dungeon.
You worshipped Ashenzari.
Ashenzari was aware of your devotion.
You were not hungry.

You visited 1 branch of the dungeon, and saw 3 of its levels.

You collected 123 gold pieces.

Inventory:

Hand weapons
 s - a +0 vampiric long sword
Missiles
 b - 83 stones (in hand)
Armour
 c - a +0 robe (worn)
 q - a +0 cloak (worn)
 r - a +0 helmet (worn)
 t - a +1 buckler of cold resistance
Jewellery
 l - an uncursed ring of fire
Magical devices
 f - a wand of random effects (25)
Scrolls
 g - 3 scrolls of identify
 h - a scroll of noise
 n - a scroll of fear {unknown}
 o - a scroll of enchant armour {unknown}
 u - a scroll of fog {unknown}
 w - a scroll of magic mapping {unknown}
Potions
 e - a potion of haste
 m - a potion of poison {unknown}
 v - 2 potions of restore abilities {unknown}
 z - a potion of agility {unknown}
Books
 d - a book of Geomancy

   Spells                             Type                      Level
   a - Sandblast                      Earth                        1
   b - Stoneskin                      Transmutation/Earth          2
   c - Passwall                       Transmutation/Earth          3
   d - Stone Arrow                    Conjuration/Earth            3
   e - Petrify                        Transmutation/Earth          4
   f - Lee's Rapid Deconstruction     Earth                        5
 p - a book of Enchantments

   Spells                             Type                      Level
   a - Tukima's Dance                 Hexes                        3
   b - Cause Fear                     Hexes                        4
   c - Silence                        Hexes/Air                    5
   d - Deflect Missiles               Charms/Air                   6
   e - Haste                          Charms                       6
   f - Discord                        Hexes                        8
Comestibles
 a - 5 bread rations
 i - a meat ration
 j - a slice of pizza
 k - 2 beef jerkies


   Skills:
 + Level 4.2 Dodging
 + Level 4.4 Stealth
 + Level 4.9 Spellcasting
 - Level 1.1 Transmutations
 * Level 5.9 Earth Magic


You had 8 spell levels left.
You knew the following spells:

 Your Spells              Type           Power        Failure   Level  Hunger
a - Sandblast             Erth           ####..       1%          1    None
b - Stoneskin             Trmt/Erth      ###.....     4%          2    None
c - Stone Arrow           Conj/Erth      ###...       12%         3    ##.....


Dungeon Overview and Level Annotations

Branches:
Dungeon (3/15)

Altars:
Ashenzari
Cheibriados
Makhleb
Sif Muna
Vehumet

Annotations:
D:2 Terence


Message History

Unknown command.
Casting: Stoneskin
Confirm with . or Enter, or press ? or * to list all spells.
Aiming: Sandblast
Press: ? - help, Shift-Dir - straight line, f/p - orc warrior
Aim: an orc warrior, wielding a war axe and wearing a plate armour The rocky blast hits the orc warrior.
The orc warrior hits you with a war axe!!
Ouch! That really hurt!
* * * LOW HITPOINT WARNING * * *
Casting: Sandblast
Confirm with . or Enter, or press ? or * to list all spells.
Aiming: Sandblast
Press: ? - help, Shift-Dir - straight line, f/p - orc warrior
Aim: an orc warrior, wielding a war axe and wearing a plate armour The rocky blast hits the orc warrior.
The orc warrior is lightly wounded.
The orc warrior hits you with a war axe!!
Ouch! That really hurt!
You die...

#.....).........((.####
#....####........(..... #####
#....#########)...##### ....#
#....##........#(.# ....#
#....#...(.....#..# ....#
#####....#.........#.>#
....###........#.........##.#
......†........#.........##.#
###..#......#.##@##########.#
#⌠#..#(######.##o####### #..
###.##.# #.##S....S.# ###
....##.##................
######.# .##.......###.#
######.# #...#.### .......#
#......# ######.# #.a###.#
#.# .. #.#


You could see an orc warrior and an adder.

Vanquished Creatures
  Grinder (D:3)
  A centaur (D:3)
  Jessica (D:2)
  Robin (D:3)
  3 adders
  5 worms
  2 giant geckos
  2 ball pythons
  A giant cockroach (D:2)
  15 goblins
  4 hobgoblins
  6 kobolds
  A quokka (D:3)
  3 bats (D:1)
  4 giant newts (D:2)
  7 rats
57 creatures vanquished.

Notes
Turn   | Place    | Note
--------------------------------------------------------------
     0 | D:1      | inmateoo, the Deep Elf Earth Elementalist, began the quest for the Orb.
     0 | D:1      | Reached XP level 1. HP: 10/10 MP: 5/5
   294 | D:1      | Found a shattered altar of Ashenzari.
   372 | D:1      | Became a worshipper of Ashenzari the Shackled
   474 | D:1      | Reached XP level 2. HP: 15/15 MP: 3/8
   856 | D:2      | Learned a level 2 spell: Stoneskin
   937 | D:2      | Reached XP level 3. HP: 19/19 MP: 1/11
  1123 | D:2      | Noticed Jessica
  1128 | D:2      | Killed Jessica
  1128 | D:2      | Reached skill level 4 in Earth Magic
  1237 | D:2      | Reached XP level 4. HP: 16/24 MP: 3/14
  1321 | D:2      | Learned a level 3 spell: Stone Arrow
  1758 | D:3      | Found a burning altar of Makhleb.
  1758 | D:3      | Found a radiant altar of Vehumet.
  1758 | D:3      | Noticed Terence
  1759 | D:3      | Found a snail-covered altar of Cheibriados.
  1953 | D:3      | Noticed a centaur
  1961 | D:3      | Killed a centaur
  1961 | D:3      | Reached XP level 5. HP: 2/28 MP: 9/18
  2279 | D:3      | Noticed Grinder
  2281 | D:3      | Paralysed by Grinder for 2 turns
  2293 | D:3      | Killed Grinder
  2293 | D:3      | Reached skill level 5 in Earth Magic
  2293 | D:3      | Reached XP level 6. HP: 32/32 MP: 14/20
  2385 | D:3      | Noticed Robin
  2416 | D:3      | Killed Robin
  2548 | D:3      | Found a deep blue altar of Sif Muna.
  2570 | D:3      | Noticed an orc warrior
  2768 | D:3      | Mangled by an orc warrior

Action                   |  1- 3 |  4- 6 || total
-------------------------+-------+-------++-------
Melee: Unarmed           |     2 |       ||     2
 Cast: Sandblast         |    55 |    52 ||   107
       Stoneskin         |       |     2 ||     2
  Use: Scroll            |     4 |     2 ||     6
  Eat: Chunk             |     1 |     4 ||     5
